 Dungeon Crawl Stone Soup version 0.27.0-1-g7a089689b8 (webtiles) character file.

Game seed: 9222985064591388526

10854 nicksoapdish the Thaumaturge (level 11, -2/84 HPs)
             Began as a Demonspawn Ice Elementalist on Aug 14, 2021.
             Was a Priest of Qazlal.
             Slain by a large abomination (22 damage)
             ... in a Gauntlet.
             The game lasted 00:53:42 (15079 turns).

nicksoapdish the Thaumaturge (DsIE)                Turns: 15079, Time: 00:53:43

Health: -2/84      AC: 17    Str:  8    XL:     11   Next: 41%
Magic:  16/26      EV: 14    Int: 19    God:    Qazlal [***...]
Gold:   650        SH:  4    Dex: 15    Spells: 5/32 levels left

rFire    x . .     SeeInvis .   (weapon currently unavailable)
rCold    + + +     Faith    .   (shield currently unavailable)
rNeg     . . .     Spirit   .   (armour currently unavailable)
rPois    +         Reflect  .   (helmet currently unavailable)
rElec    .         Harm     .   (cloak currently unavailable)
rCorr    .         Rampage  .   (gloves currently unavailable)
Will     .....     NoTele   +   (boots currently unavailable)
Stlth    +.........             (no amulet)
HPRegen  0.24/turn              o - ring of wizardry
MPRegen  0.20/turn              m - +4 ring of evasion

@: ice-armoured, ice-form
A: freezing attack, amphibious, boosted hp, large, (claws 2), (large bone plates
2), demonic guardian 2, foul stench 1
a: End Transformation, Renounce Religion, Upheaval, Elemental Force


You were in a Gauntlet.
You worshipped Qazlal.
Qazlal was most pleased with you.
You were a creature of crystalline ice.
You visited 2 branches of the dungeon, and saw 12 of its levels.
You also visited: Gauntlet.

You collected 650 gold pieces.

Inventory:

Hand Weapons
 b - the +7 whip "Bopoekho" {vorpal, Contam rF+++ Will++ SInv}
   (You found it on level 10 of the Dungeon)

   It inflicts extra damage upon your enemies.
   rF:        It renders you almost immune to fire.
   SInv:      It lets you see invisible.
   Contam:    It causes magical contamination when unequipped.
   Will:      It greatly increases your willpower.
Missiles
 h - 33 poisoned darts (quivered)
Armour
 n - a +1 robe of willpower
 s - a +2 robe of the Archmagi (melded)
 t - a +0 cloak (melded)
 u - a +3 leather armour of cold resistance
 y - a +0 pair of boots
Magical Staves
 a - a staff of cold (melded)
Jewellery
 k - a ring of resist corrosion
 m - a +4 ring of evasion (right front paw)
 o - a ring of wizardry (left front paw)
 v - a ring of protection from fire
 M - an amulet of regeneration
Wands
 e - a wand of iceblast (11)
 D - a wand of charming (9)
 E - a wand of mindburst (5)
 H - a wand of flame (42)
Scrolls
 c - 6 scrolls of teleportation
 f - a scroll of magic mapping
 g - 3 scrolls of summoning
 i - 2 scrolls of enchant armour {unknown}
 j - 2 scrolls of fear
 p - 2 scrolls of brand weapon
 w - a scroll of holy word {unknown}
 x - a scroll of fog {unknown}
 z - a scroll of vulnerability {unknown}
 F - a scroll of immolation
 G - 2 scrolls of amnesia
 L - a scroll of torment {unknown}
 N - 2 scrolls of identify
Potions
 d - 5 potions of curing
 l - a potion of lignification {unknown}
 q - a potion of brilliance {unknown}
 r - a potion of berserk rage {unknown}
 A - a potion of invisibility {unknown}
 B - 6 potions of heal wounds
 C - a potion of might
 I - a potion of flight {unknown}
 J - a potion of attraction {unknown}
 K - a potion of ambrosia {unknown}


   Skills:
 - Level 1.0 Fighting
 - Level 0.1 Axes
 - Level 3.2 Staves
 - Level 0.6 Throwing
 - Level 1.7 Dodging
 - Level 1.7 Stealth
 - Level 0.1 Shields
 * Level 11.3 Spellcasting
 * Level 5.7 Conjurations
 * Level 5.1 Hexes
 * Level 4.0 Transmutations
 + Level 8.3 Ice Magic
 + Level 2.9 Earth Magic
 + Level 0.1 Evocations


You had 5 spell levels left.
You knew the following spells:

 Your Spells              Type           Power      Damage    Failure   Level
a - Freeze                Ice            100%       1d11      1%          1
b - Frozen Ramparts       Ice            84%        1d10      1%          3
c - Ozocubu's Armour      Ice            42%        N/A       1%          3
d - Hailstorm             Conj/Ice       37%        3d9       1%          4
e - Stone Arrow           Conj/Erth      54%        3d10      1%          3
f - Tukima's Dance        Hex            30%        N/A       1%          3
g - Ice Form              Ice/Tmut       34%        N/A       1%          4
h - Searing Ray           Conj           64%        3d5       1%          2
i - Fulminant Prism       Conj/Hex       15%        3d11      2%          4

Your spell library contained the following spells:

 Spells                   Type           Power      Damage    Failure   Level
 Magic Dart               Conj           100%       1d8       1%          1
 Animate Skeleton         Necr           20%        N/A       2%          1
 Pain                     Necr           40%        1d6       2%          1
 Summon Ice Beast         Ice/Summ       26%        N/A       4%          4
 Vampiric Draining        Necr           5%         2d6       9%          3
 Yara's Violent Unravell  Hex/Tmut       14%        3d7       11%         5
 Animate Armour           Summ/Erth      32%        N/A       14%         4
 Passage of Golubria      Tloc           N/A        N/A       26%         4
 Lehudib's Crystal Spear  Conj/Erth      13%        10d5      100%        8


Dungeon Overview and Level Annotations

Branches:
Dungeon (11/15)            Temple (1/1) D:6            Lair (0/6) D:8
    Orc (0/2) D:11        Gauntlet (1/1)

Altars:
Ashenzari
Cheibriados
Dithmenos
Elyvilon
Fedhas
Gozag
Hepliaklqana
Kikubaaqudgha
Makhleb
Nemelex Xobeh
Okawaru
Qazlal
Ru
Sif Muna
Trog
Uskayaw
Vehumet
Wu Jian
Xom
Yredelemnul
Zin
The Shining One

Shops:
D:2 ?

Annotations:
D:11 1 transporter Gauntlet 9 transporters


Innate Abilities, Weirdness & Mutations

You are a creature of crystalline ice.
You have a powerful freezing melee attack.
You are amphibious.
Your maximum health is increased.
Your armour is entirely melded.
You are incapable of wielding weapons or throwing items.
((You have very sharp fingernails.))
((You are mostly covered in large bone plates. (SH +6)))
A demonic guardian rushes to your aid.
You may rarely emit foul miasma when damaged in melee.


Message History

The wall freezes the small abomination.
You hit the small abomination. You freeze the small abomination.
You destroy the small abomination!
Qazlal accepts your kill.
The small abomination is engulfed in freezing vapours.
You destroy the small abomination!
Qazlal accepts your kill.
The wall freezes the small abomination.
You destroy the small abomination!
Qazlal accepts your kill.
The wall freezes the small abomination.
Your Transmutations skill increases to level 4!
You hit the large abomination. You freeze the large abomination.
The large abomination is lightly damaged.
The wall freezes the large abomination!
The large abomination hits you.
The small abomination is engulfed in freezing vapours.
The wall freezes the small abomination.
You destroy the small abomination!
Qazlal accepts your kill.
The wall freezes the large abomination!
The large abomination hits you!
You hit the large abomination but do no damage.
The large abomination is heavily damaged.
The wall freezes the large abomination!
You block the large abomination's attack.
The wall freezes the large abomination.
You block the large abomination's attack.
Unknown command.
You hit the large abomination but do no damage.
The large abomination is severely damaged.
The wall freezes the large abomination!
The large abomination hits you!
The large abomination is struck by lightning.
The wall freezes the large abomination!
You block the large abomination's attack.
Unknown command.
You hit the large abomination but do no damage.
The large abomination is almost destroyed.
The frozen ramparts melt away.
The large abomination hits you!!
* * * LOW HITPOINT WARNING * * *
The large abomination hits you!!
You die...

.. ....§........... ..
.§.........≈8≈........∩. ..
§...........≈........... ##
##########...########## ≈.
#^.#^...#...#......... ≈.
#..#...#...#.##...##. .≈ #.
#..#..#####.#.#.#.#.
≈....#...#.#..#○.#.#...#..##†##..
©.≈≈.#©.©#©.#^.#Y.##©.©#©.#.©.#..
≈.≈.≈#...#.#..#XX#.#...#..##†##..
.≈..≈######..#..#..#####.#.#.#.#.
..≈≈k#...#..#..#...#...#.##...##.
≈≈..Z#.8.#)#^.#....#.8.#.........
######...###########...##########
.................................
.................................
#################################


You could see 2 large abominations.

Vanquished Creatures
  2 two-headed ogres
  Sonja (D:10)
  Pikel (D:9)
  Maurice (D:9)
  A queen bee (Gauntlet)
  A troll (D:8)
  Sigmund (D:3)
  2 wyverns
  4 yaks (D:9)
  Eustachio (D:4)
  6 small abominations (Gauntlet)
  A steam dragon (D:10)
  A vampire mosquito (D:10)
  Duvessa (D:6)
  5 orc warriors
  A black bear (D:4)
  4 ogres
  4 wolves (D:8)
  A centaur (D:7)
  2 lemures (D:9)
  3 kobold brigands
  5 bullfrogs
  A gnoll sergeant (D:7)
  2 scorpions
  A water moccasin skeleton (D:5)
  Dowan (D:6)
  3 killer bees (Gauntlet)
  4 wights (D:9)
  3 electric eels (D:8)
  4 howler monkeys
  2 centaur zombies
  4 hounds
  A gnoll shaman (D:7)
  A bullfrog skeleton (D:6)
  4 jellies
  3 orc priests
  Crazy Yiuf (D:4)
  2 centaur skeletons (D:7)
  Jessica (D:2)
  Ijyb (D:3)
  Natasha (thrice) (D:2)
  5 orc wizards
  6 iguanas
  2 hound skeletons
  A howler monkey zombie (D:7)
  14 gnolls
  6 adders
  A white imp (D:6)
  3 worms
  3 dart slugs
  43 orcs
  3 bats
  7 endoplasms
  2 giant cockroaches (D:1)
  5 goblins
  4 hobgoblins
  8 jackals
  29 kobolds
  9 quokkas
  10 ball pythons
  5 frilled lizards
  3 rats
260 creatures vanquished.

Vanquished Creatures (collateral kills)
  A two-headed ogre (D:9)
  Joseph (D:9)
  A vampire mosquito (D:10)
  2 steam dragons
  A phantom (D:3)
  A kobold brigand (D:9)
  2 wights (D:9)
  A centaur skeleton (D:4)
  An orc priest (D:9)
  An adder (D:2)
  A white imp (D:6)
  3 orcs (D:9)
  An endoplasm (D:1)
  2 kobolds (D:9)
  A bat (D:1)
20 creatures vanquished.

Vanquished Creatures (others)
  A butterfly (D:5)
  14 demonic plants (Gauntlet)
  7 fungi
  10 plants (Gauntlet)
32 creatures vanquished.

Grand Total: 312 creatures vanquished

Notes
Turn   | Place    | Note
-------+----------+-------------------------------------------
     0 | D:1      | nicksoapdish the Demonspawn Ice Elementalist began the
                  | quest for the Orb.
     0 | D:1      | Reached XP level 1. HP: 13/13 MP: 3/3
   241 | D:1      | Gained mutation: A weak demonic guardian rushes to your
                  | aid. [demonic ancestry]
   241 | D:1      | Reached XP level 2. HP: 14/19 MP: 0/5
  1464 | D:2      | Reached XP level 3. HP: 24/24 MP: 4/6
  1535 | D:2      | Learned a level 3 spell: Frozen Ramparts
  1539 | D:2      | Learned a level 3 spell: Ozocubu's Armour
  1975 | D:2      | Noticed Jessica
  1976 | D:2      | Noticed Natasha
  1977 | D:2      | Killed Jessica
  1978 | D:2      | Reached skill level 3 in Spellcasting
  1978 | D:2      | Reached XP level 4. HP: 29/31 MP: 3/8
  1980 | D:2      | Killed Natasha
  2131 | D:2      | Noticed Natasha
  2133 | D:2      | Killed Natasha
  2369 | D:2      | Found Vepsymic's Magic Scroll Shoppe.
  2508 | D:2      | Noticed Natasha
  2518 | D:2      | Killed Natasha
  2519 | D:2      | Reached skill level 1 in Fighting
  2519 | D:2      | Gained mutation: You are partially covered in large bone
                  | plates. (SH +4) [demonic ancestry]
  2519 | D:2      | Reached XP level 5. HP: 37/37 MP: 3/10
  2579 | D:2      | Learned a level 4 spell: Hailstorm
  2821 | D:3      | Reached skill level 1 in Staves
  2821 | D:3      | Reached skill level 4 in Spellcasting
  3174 | D:3      | Noticed Sigmund
  3190 | D:3      | Killed Sigmund
  3191 | D:3      | Reached skill level 1 in Conjurations
  3191 | D:3      | Gained mutation: You have sharp fingernails. [demonic
                  | ancestry]
  3191 | D:3      | Reached XP level 6. HP: 29/43 MP: 0/13
  3484 | D:3      | Noticed Ijyb
  3494 | D:3      | Killed Ijyb
  3716 | D:3      | Found a faded altar of an unknown god.
  3863 | D:3      | You fall into a shaft and drop 1 floor!
  3871 | D:4      | Reached skill level 5 in Ice Magic
  3885 | D:4      | Reached skill level 5 in Spellcasting
  3900 | D:4      | Reached XP level 7. HP: 39/48 MP: 0/14
  4047 | D:3      | Learned a level 3 spell: Stone Arrow
  4053 | D:3      | Found an iron altar of Okawaru.
  4054 | D:3      | Found a bloodstained altar of Trog.
  4165 | D:4      | Found a runed translucent door.
  4166 | D:4      | Noticed Crazy Yiuf
  4175 | D:4      | Killed Crazy Yiuf
  4302 | D:4      | Noticed Eustachio
  4330 | D:4      | Killed Eustachio
  4860 | D:4      | Reached skill level 1 in Earth Magic
  5776 | D:5      | Entered Level 5 of the Dungeon
  5784 | D:5      | Reached skill level 6 in Spellcasting
  5916 | D:5      | Found an opulent altar of Gozag.
  5985 | D:5      | Gained mutation: A demonic guardian rushes to your aid.
                  | [demonic ancestry]
  5985 | D:5      | Reached XP level 8. HP: 54/54 MP: 5/17
  6486 | D:5      | Found a shimmering altar of Xom.
  7192 | D:5      | Learned a level 3 spell: Tukima's Dance
  7292 | D:6      | Noticed Dowan
  7301 | D:6      | Killed Dowan
  7302 | D:6      | Reached skill level 7 in Spellcasting
  7370 | D:6      | Noticed Duvessa
  7455 | D:6      | Killed Duvessa
  7456 | D:6      | Reached skill level 1 in Hexes
  7922 | D:6      | Found a staircase to the Ecumenical Temple.
  7929 | D:6      | Gained mutation: You may rarely emit foul miasma when
                  | damaged in melee. [demonic ancestry]
  7929 | D:6      | Reached XP level 9. HP: 58/59 MP: 11/20
  8053 | Temple   | Entered the Ecumenical Temple
  8070 | Temple   | Became a worshipper of Qazlal Stormbringer
  8426 | D:6      | Learned a level 4 spell: Ice Form
  9319 | D:7      | Reached skill level 8 in Spellcasting
  9694 | D:7      | Reached * piety under Qazlal
  9696 | D:7      | Reached skill level 1 in Transmutations
 10483 | D:8      | Noticed a troll
 10556 | D:8      | Killed a troll
 10584 | D:8      | Reached skill level 9 in Spellcasting
 10895 | D:8      | Found a staircase to the Lair.
 10960 | D:8      | Gained mutation: You are mostly covered in large bone
                  | plates. (SH +6) [demonic ancestry]
 10960 | D:8      | Reached XP level 10. HP: 65/65 MP: 17/23
 11451 | D:9      | Noticed Maurice
 11470 | D:9      | Killed Maurice
 11615 | D:9      | Reached ** piety under Qazlal
 11831 | D:9      | Noticed Joseph
 11840 | D:9      | Killed Joseph
 12125 | D:9      | Noticed a two-headed ogre
 12138 | D:9      | Killed a two-headed ogre
 12139 | D:9      | Reached skill level 10 in Spellcasting
 12139 | D:9      | Reached skill level 5 in Conjurations
 12423 | D:9      | Noticed Pikel
 12438 | D:9      | Killed Pikel
 12903 | D:9      | Reached *** piety under Qazlal
 13232 | D:9      | Noticed a two-headed ogre
 13247 | D:9      | Killed a two-headed ogre
 13248 | D:9      | Gained mutation: You have very sharp fingernails. [demonic
                  | ancestry]
 13248 | D:9      | Reached XP level 11. HP: 67/70 MP: 16/25
 13464 | D:10     | Entered Level 10 of the Dungeon
 13514 | D:10     | Learned a level 2 spell: Searing Ray
 13519 | D:10     | Learned a level 4 spell: Fulminant Prism
 13930 | D:10     | Identified the +7 whip "Bopoekho" {vorpal, Contam rF+++
                  | Will++ SInv}
 14026 | D:10     | Noticed Sonja
 14040 | D:10     | Killed Sonja
 14333 | D:10     | Reached skill level 11 in Spellcasting
 14416 | D:10     | Noticed a two-headed ogre
 14426 | D:10     | Killed a two-headed ogre
 14427 | D:10     | Reached skill level 5 in Hexes
 14550 | D:10     | Found a sparkling altar of Nemelex Xobeh.
 14842 | D:11     | Found a transporter.
 14843 | D:11     | Noticed a deep elf knight
 14850 | D:11     | Found a staircase to the Orcish Mines.
 14857 | D:11     | Noticed an orc high priest
 14869 | D:11     | Found a gate leading to a gauntlet.
 14875 | Gauntlet | Entered a Gauntlet
 14875 | Gauntlet | Found a transporter.
 14875 | Gauntlet | Found a transporter.
 14875 | Gauntlet | Found a transporter.
 14891 | Gauntlet | Found a transporter.
 14895 | Gauntlet | Found a transporter.
 14906 | Gauntlet | Found a transporter.
 14909 | Gauntlet | Found a transporter.
 14916 | Gauntlet | Noticed a wretched star
 14923 | Gauntlet | Found a transporter.
 14938 | Gauntlet | Noticed a death drake
 14940 | Gauntlet | Found a transporter.
 14957 | Gauntlet | Found a transporter.
 14961 | Gauntlet | Found a transporter.
 14966 | Gauntlet | Noticed a large abomination
 14971 | Gauntlet | Found a transporter.
 15079 | Gauntlet | Slain by a large abomination

Illustrated notes

Levels and vault maps discovered:
D:1:      lemuel_arrival_broad_hall, layout_loops_corners
D:2:      layout_loops_ring, serial_shops, shop, uniq_natasha, uniq_jessica
D:3:      layout_loops_ring, grunt_temple_overflow_bloody_war,
          ebering_ecumenical_altar_sacrificial, uniq_sigmund, uniq_ijyb
D:4:      layout_loops_corners, roderic_serpentine_path, nrook_mini_vaults,
          minmay_misc_feat_nine_boxes, uniq_crazy_yiuf_cottage, uniq_eustachio
D:5:      layout_loops_ring, grunt_gozag_statues,
          nicolae_elyvilon_peaceful_grove, xom_teletrap_fun, minmay_diced_spiral
D:6:      layout_rooms, minmay_temple_entry_statues, uniq_duvessa
D:7:      layout_loops_corners
D:8:      layout_loops_ring, erik_lair_island
D:9:      layout_roguey, special_room [special_room_orc], uniq_joseph,
          uniq_pikel, uniq_maurice
D:10:     layout_basic, nemelex_spade_bored_becter, uniq_sonja
D:11:     gammafunk_wand_slinger, layout_loops_ring, orc_0_dummy,
          gauntlet_entry_generic, grunt_dithmenos_shadows
Temple:   nicolae_temple_elliptical
Gauntlet: gammafunk_gauntlet_hard_choice [gammafunk_gauntlet_arena_corners,
          gammafunk_gauntlet_arena_spirals,
          gammafunk_gauntlet_arena_arrow_garden,
          gammafunk_gauntlet_arena_hedges, nicolae_gauntlet_arena_flowing_pool,
          gammafunk_gauntlet_arena_split_diamond, gauntlet_exit_green]

Skill      XL: |  1  2  3  4  5  6  7  8  9 10 11 |
---------------+----------------------------------+-----
Ice Magic      | 4 5 6 8 |  8.3
Spellcasting   | 3 4 5 6 7 9 10 11 | 11.3
Fighting       | 1 |  1.0
Staves         | 1 2 3 |  3.2
Conjurations   | 1 2 3 4 5 |  5.7
Earth Magic    | 1 2 |  2.9
Hexes          | 1 3 4 5 |  5.1
Transmutations | 1 3 4 |  4.0
Axes           | |  0.1
Throwing       | |  0.6
Dodging        | |  1.7
Stealth        | |  1.7
Shields        | |  0.1
Evocations     | |  0.1

Action                   |  1- 3 |  4- 6 |  7- 9 | 10-12 || total
-------------------------+-------+-------+-------+-------++-------
Melee: Unarmed           |     4 |       |    33 |   153 ||   190
       Short sword       |     8 |       |       |       ||     8
       Hand axe          |     4 |       |       |       ||     4
       Staff             |    14 |    55 |   146 |     5 ||   220
Throw: Dart              |       |    11 |    21 |       ||    32
 Cast: Freeze            |    34 |    11 |    21 |       ||    66
       Frozen Ramparts   |     4 |    21 |    65 |    30 ||   120
       Ozocubu's Armour  |     3 |     8 |    52 |    26 ||    89
       Stone Arrow       |       |       |    41 |    21 ||    62
       Hailstorm         |       |       |     5 |     2 ||     7
       Ice Form          |       |       |     7 |    21 ||    28
       Tukima's Dance    |       |       |       |     3 ||     3
Evoke: Wand              |       |       |       |     6 ||     6
  Use: Scroll            |       |     3 |     4 |     4 ||    11
 Stab: Sleeping          |     2 |     1 |       |       ||     3
       Distracted        |       |       |     1 |     1 ||     2
Armor: Robe              |    21 |    16 |    40 |     3 ||    80
       Skin              |       |       |    11 |    63 ||    74
Dodge: Dodged            |    45 |    61 |   151 |    87 ||   344
Block: Other             |       |     8 |    23 |    30 ||    61
